AoeStats
← kV0t3

Arabia

510419821Analyzed
1v1 RM · 17h ago on Sep 30, 2026· 32m 47s· 2 players
Game mode
Random Map
Map size
Tiny (2 player)
Population
200
Speed
Normal
Resources
Standard
Victory
Conquest
Starting age
Dark Age
Ending age
Imperial Age
RankedLock teamsTeams togetherTeam positionsShared explorationLock speedFull tech treeHidden civsTurbo modeCheats
Victory
Defeat
🇦🇷 Maya · Argentina
1288
+14
🇧🇷 Wu · Brazil
1253
-14
RodrigoSuga
7:04 Loom
10:11 Feudal Age
10:37 Man-at-Arms
17:12 Fletching
19:03 Padded Archer Armor
21:01 Double-Bit Axe
21:01 Horse Collar
24:34 Wheelbarrow
30:43 Castle Age
28:58 Scale Mail Armor
29:03 Arson
30:29 Forging
kV0t3
0:25 Loom
9:21 Feudal Age
9:33 Man-at-Arms
11:00 Double-Bit Axe
19:11 Wheelbarrow
18:55 Fletching
19:05 Padded Archer Armor
21:11 Scale Mail Armor
25:48 Castle Age
24:17 Gold Mining
24:13 Horse Collar
25:55 Forging
25:56 Eagle Warrior
26:58 Bow Saw
26:50 Heavy Plow
27:18 Crossbowman
27:58 Bodkin Arrow
Connection lost

Rejoining the realm…

Still unreachable

The connection could not be restored.

Session expired

The server has moved on; the page needs a fresh start.